Map: Kairos Junction LE

Players

Probe

  • Race: Protoss Protoss
  • League: Master
  • Spawn Location: 5:00

TIME (Oliveira) - Winner!

  • Race: Terran Terran
  • Spawn Location: 11:00

Event: 2019 WCS Winter Americas

VOD

Have the link to the VOD?

Description

Time

  • Played on: March 23, 2019, 12:51 p.m.
  • Length: 10:06

All games in this series

Show
View Real Time Build Order
Export as new Build Order

Probe Protoss 

Build Orders: 1 Gate Expand, Double Forge, Blink Stalkers 

Get SALT Encoding   

  12  0:01  Probe  
  13  0:13  Probe  
  14  0:17  Pylon  
  14  0:24  Probe  
  15  0:32  Probe  
  15  0:37  Gateway  
  15  0:40  Probe  
  16  0:46  Assimilator  
  17  0:51  Probe  
  18  1:03  Probe  
  19  1:15  Probe  
  20  1:22  Nexus  
  20  1:34  Cybernetics Core  
  20  1:35  Probe  
  21  1:44  Assimilator  
  21  1:48  Probe  
  21  1:51  Pylon  
  22  2:00  Probe  
  22  2:01  Adept  
  23  2:08  Probe  
  23  2:11  Warp Gate  
  26  2:16  Probe  
  27  2:23  Twilight Council  
  27  2:26  Probe  
  28  2:30  Stalker, Probe  
  31  2:38  Probe  
  31  2:39  Probe  
  33  2:49  Probe  
  33  2:50  Probe  
  33  2:51  Blink  
  35  3:01  Probe x2  
  37  3:09  Probe  
  37  3:13  Probe  
  37  3:17  Probe  
  39  3:21  Robotics Facility  
  39  3:25  Probe  
  41  3:29  Gateway x2  
  41  3:31  Probe  
  42  3:38  Probe, Pylon  
  43  3:43  Probe  
  44  3:49  Pylon  
  44  3:51  Probe  
  44  3:53  Shield Battery  
  44  3:55  Probe  
  46  3:56  Assimilator  
  46  3:59  Stalker  
  48  4:03  Observer, Probe  
  48  4:07  Probe  
  51  4:13  Nexus  
  51  4:21  Observer  
  51  4:29  Stalker  
  51  4:30  Stalker x2  
  58  4:44  Observer  
  58  4:45  Forge  
  59  4:46  Forge  
  59  4:48  Probe  
  59  4:49  Probe, Pylon  
  59  4:50  Pylon  
  59  4:52  Charge  
  61  5:00  Protoss Ground Weapons Level 1  
  61  5:01  Gateway  
  61  5:03  Gateway  
  61  5:08  Gateway  
  61  5:10  Probe x2  
  63  5:18  Sentry, Probe x2  
  63  5:19  Protoss Ground Armor Level 1  
  64  5:25  Probe  
  64  5:26  Probe  
  64  5:27  Probe  
  67  5:34  Zealot x2  
  73  5:36  Probe  
  73  5:37  Probe x2  
  73  5:42  Gateway  
  76  5:43  Gateway  
  76  5:46  Sentry  
  76  5:48  Probe  
  76  5:49  Probe  
  80  5:52  Observer  
  80  5:58  Zealot x4, Pylon  
  80  6:04  Zealot  
  90  6:08  Pylon x2  
  90  6:11  Pylon  
  89  6:22  Zealot x5  
  99  6:26  Immortal  
  103  6:38  Zealot x2  
  103  6:39  Zealot  
  109  6:42  Pylon  
  109  6:45  Pylon  
  109  6:46  Zealot x2, Sentry  
  115  6:47  Zealot x2  
  119  6:56  Pylon  
  119  6:57  Pylon  
  119  7:00  Zealot x3  
  123  7:15  Zealot x5  
  96  7:30  Zealot  
  96  7:31  Zealot x2  
Show
View Real Time Build Order
Export as new Build Order

TIME Terran - Winner!

Build Orders: Reaper Expand 

Get SALT Encoding   

  12  0:00  SCV  
  13  0:13  SCV  
  14  0:17  Supply Depot  
  14  0:25  SCV  
  15  0:38  SCV  
  15  0:40  Barracks  
  16  0:43  Refinery  
  16  0:50  SCV  
  17  1:03  SCV  
  18  1:15  SCV  
  19  1:27  Reaper, Orbital Command  
  20  1:45  Command Center  
  20  1:53  SCV  
  21  1:58  Supply Depot  
  21  1:59  Marine  
  22  2:05  SCV  
  23  2:10  Factory  
  23  2:19  Refinery  
  23  2:20  SCV  
  23  2:21  Barracks Reactor  
  24  2:30  Barracks  
  24  2:33  SCV  
  25  2:46  SCV  
  26  2:54  Factory Tech Lab  
  26  2:58  SCV, Orbital Command  
  27  3:00  Marine x2  
  29  3:10  SCV  
  33  3:12  Cyclone  
  33  3:18  Barracks Tech Lab, Marine x2  
  35  3:22  SCV  
  35  3:24  SCV  
  37  3:34  SCV  
  37  3:36  SCV  
  37  3:37  Stimpack, Marine x2  
  37  3:40  Supply Depot  
  41  3:45  Siege Tank  
  41  3:46  SCV  
  45  3:48  SCV  
  46  4:01  SCV x2, Marine x2  
  46  4:02  Supply Depot  
  50  4:04  Starport  
  50  4:08  Supply Depot, Marine  
  51  4:13  SCV x2  
  53  4:19  Marine  
  53  4:24  Siege Tank, Marine  
  58  4:25  SCV x2  
  58  4:29  Engineering Bay  
  59  4:32  Marine  
  59  4:33  Refinery  
  59  4:37  SCV, Marine  
  62  4:38  SCV  
  62  4:41  Barracks  
  62  4:42  Starport Reactor  
  62  4:44  Marine  
  64  4:47  Supply Depot  
  64  4:50  SCV x2  
  66  4:55  Terran Infantry Weapons Level 1  
  66  4:56  Refinery  
  66  4:57  Marine  
  67  5:02  SCV  
  67  5:03  SCV, Supply Depot  
  68  5:08  Marine  
  68  5:10  Siege Tank  
  68  5:12  Marine  
  68  5:14  SCV  
  74  5:15  SCV, Marine  
  74  5:17  Supply Depot  
  76  5:26  SCV, Marine  
  78  5:30  SCV, Starport Reactor  
  78  5:31  Supply Depot  
  78  5:33  Marine x4  
  83  5:42  Siege Tank  
  86  5:43  Supply Depot  
  86  5:44  Combat Shield  
  86  5:46  Marine  
  87  5:54  Marine x2  
  89  5:57  Marine  
  89  5:58  Supply Depot, Marine  
  91  6:04  Marine  
  91  6:05  Supply Depot  
  91  6:06  Medivac x2  
  96  6:12  Marine x2  
  96  6:14  Marine  
  96  6:16  Siege Tank  
  102  6:19  Marine  
  102  6:22  Supply Depot, Marine  
  104  6:29  Marine  
  104  6:32  Marine  
  104  6:35  Marine  
  104  6:39  Marine  
  107  6:41  Medivac x2  
  107  6:43  Marine  
  107  6:47  Marine, Supply Depot  
  112  6:50  Marine  
  112  6:53  Marine  
  115  6:55  Siege Tank  
  115  6:57  Marine  
  115  7:01  Marine  
  119  7:05  Marine  
  119  7:08  Marine  
  121  7:11  Marine  
  123  7:16  Bunker  
  123  7:17  Marine  
  123  7:19  Bunker, Marine  
  124  7:23  Marine  
  110  7:31  Marine  
  110  7:32  Siege Tank  
  110  7:33  Marine  
  96  7:38  Marine  
Tags
 
Add a new tag
Caveats
  • Supply blocks, unpowered buildings, or Contaminate may cause inaccurate times.
  • Supply counts are checked every 10 seconds.